 Dungeon Crawl Stone Soup version 0.23.1-37-gaa34b87b72 (webtiles) character file.

Game seed: 13216725286219420138

9818 Quolop the Carver (level 11, -4/95 HPs)
             Began as a Minotaur Fighter on Mar 28, 2019.
             Slain by a hippogriff (5 damage)
             ... on level 12 of the Dungeon.
             The game lasted 00:22:17 (8642 turns).

Quolop the Carver (Minotaur Fighter)                Turns: 8642, Time: 00:22:18

Health: -4/95      AC: 16    Str: 23 (25) XL:     11   Next: 28%
Magic:  10/10      EV:  9    Int:  6 (8)  God:
Gold:   553        SH:  0    Dex: 11      Spells: 10/10 levels left

rFire    + . .     SeeInvis +   S - +9 executioner's axe of Ummub {drain, +Blink Int+4}
rCold    . . .     Gourm    .   (shield currently unavailable)
rNeg     . . .     Faith    .   A - +0 plate armour
rPois    +         Spirit   .   (helmet unavailable)
rElec    .         Reflect  .   q - +0 cloak
rCorr    .         Harm     .   (no gloves)
MR       .....                  (no boots)
Stlth    ..........             (no amulet)
HPRegen  0.25/turn              R - ring "Migranos" {rPois Slay+1 SInv}
MPRegen  0.12/turn              M - ring of the Octopus King {rF+ AC+1 EV+1 Str+1 Int+1 Dex+1}

@: no status effects
A: retaliatory headbutt, horns 3, dopey 1
a: Evoke Blink


You were on level 12 of the Dungeon.
You were not hungry.

You visited 2 branches of the dungeon, and saw 13 of its levels.
You also visited: Ossuary.

You collected 649 gold pieces.
You spent 96 gold pieces at shops.

Inventory:

Hand Weapons
 a - a +0 long sword
 k - a +0 scimitar of flaming
 D - a +0 scimitar
 E - a +4 scimitar
 S - the +9 executioner's axe of Ummub (weapon) {drain, +Blink Int+4}
   (You found it on level 9 of the Dungeon)

   A truly terrible weapon, it drains the life of those it strikes.
   It affects your intelligence (+4).
   It lets you blink.
Armour
 b - a +0 scale mail
 c - a +0 shield
 q - a +0 cloak (worn)
 A - a +0 plate armour (worn)
Jewellery
 p - the ring of Fanaticism {Wiz rC- MR- Str+4 Dex+9}
   (You found it on level 9 of the Dungeon)

   [ring of wizardry]

   It improves your spell success rate.
   It affects your strength (+4).
   It affects your dexterity (+9).
   It makes you vulnerable to cold.
   It affects your resistance to hostile enchantments.
 r - a +3 ring of strength
 B - a +4 ring of protection
 G - a +5 ring of dexterity
 H - an uncursed ring of see invisible
 J - an uncursed ring of stealth
 M - a ring of the Octopus King (right hand) {rF+ AC+1 EV+1 Str+1 Int+1 Dex+1}
   (You found it on level 9 of the Dungeon)

   [ring of protection from fire]

   It affects your AC (+1).
   It affects your evasion (+1).
   It affects your strength (+1).
   It affects your intelligence (+1).
   It affects your dexterity (+1).
   It protects you from fire.
 R - the ring "Migranos" (left hand) {rPois Slay+1 SInv}
   (You found it on level 9 of the Dungeon)

   [ring of slaying]

   It affects your accuracy and damage with ranged weapons and melee attacks
   (+1).
   It protects you from poison.
   It lets you see invisible.
 V - an uncursed amulet of magic regeneration
 W - an uncursed ring of flight {unknown}
Wands
 l - a wand of random effects (3)
 v - a wand of flame (43)
 x - a wand of disintegration (16)
 y - a wand of clouds (5)
 Q - a wand of digging (7)
 T - a wand of paralysis (8)
 U - a wand of scattershot (7)
Scrolls
 e - 5 scrolls of remove curse
 g - a scroll of immolation {unknown}
 h - 4 scrolls of amnesia
 j - a scroll of blinking {unknown}
 m - a scroll of noise
 n - 4 scrolls of enchant armour {unknown}
 o - a scroll of random uselessness
 C - a scroll of teleportation {unknown}
 L - a scroll of fog {unknown}
 P - a scroll of brand weapon {unknown}
Potions
 d - a potion of heal wounds {unknown}
 i - a potion of resistance {unknown}
 s - 2 potions of brilliance
 t - 3 potions of curing
 u - 2 potions of agility
 w - a potion of ambrosia {unknown}
 z - a potion of cancellation
 F - a potion of magic
 I - a potion of lignification {unknown}
 K - 3 potions of degeneration
Comestibles
 f - 11 rations


   Skills:
 - Level 8.3 Fighting
 - Level 12.5 Long Blades
 + Level 8.0 Axes
 - Level 8.9 Armour
 - Level 3.2 Dodging
 - Level 1.1 Stealth
 - Level 10.2 Shields


You had 10 spell levels left.
You didn't know any spells.
Your spell library contained the following spells:

 Spells                   Type           Power        Failure   Level  Hunger
 Corona                   Hex            #......      100%        1    ##.....
 Magic Dart               Conj           #...         100%        1    ##.....
 Blink                    Tloc           N/A          100%        2    ###....
 Call Imp                 Summ           #.......     100%        2    ###....
 Ensorcelled Hibernation  Hex/Ice        #.....       100%        2    ###....
 Slow                     Hex            #.......     100%        2    ###....
 Confuse                  Hex            #.......     100%        3    ####...
 Conjure Flame            Conj/Fire      #.......     100%        3    ####...
 Dazzling Spray           Conj/Hex       #.....       100%        3    ####...
 Mephitic Cloud           Conj/Pois/Air  #.......     100%        3    ####...
 Tukima's Dance           Hex            #.......     100%        3    ####...


Dungeon Overview and Level Annotations

Branches:
Dungeon (13/15)            Temple (1/1) D:5
   Lair: D:8-11         Orc: D:9-12      Vaults: D:13-14

Altars:
Ashenzari
Cheibriados
Dithmenos
Elyvilon
Fedhas
Gozag
Hepliaklqana
Kikubaaqudgha
Makhleb
Nemelex Xobeh
Qazlal
Ru
Sif Muna
Trog
Uskayaw
Vehumet
Wu Jian
Xom
Yredelemnul
Zin
The Shining One

Shops:
D:5 }

Annotations:
D:5 Prince Ribbit


Innate Abilities, Weirdness & Mutations

You reflexively headbutt those who attack you in melee.
You have a pair of large horns on your head.
You are dopey. (Int -2)


Message History

You slash the hippogriff! The white ugly thing kicks you.
The white ugly thing freezes you!!
The hippogriff bites you but does no damage.
The hippogriff closely misses you.
The hippogriff claws you but does no damage.
The white ugly thing kicks you!
* * * LOW HITPOINT WARNING * * *
The white ugly thing freezes you!!
* * * LOW HITPOINT WARNING * * *
You are too injured to fight recklessly!
It was a potion of mutation.
You feel extremely strange.
You feel stupid. The horns on your head grow some more.
The hippogriff bites you but does no damage.
The hippogriff pecks you but does no damage.
The hippogriff claws you.
* * * LOW HITPOINT WARNING * * *
The white ugly thing kicks you but does no damage.
It was a potion of magic.
Magic courses through your body. The hippogriff barely misses you.
The hippogriff pecks you.
You die...

.....##....##
.......#....##
.............##
..............##
.............#.##
..............#.#
................###
...............#..##
...............H@..#
................u..#
)..................#
... ............#
... ...........# ...
...........# ...
..........# ...
..........# ...


You could see a white ugly thing and a hippogriff.

Vanquished Creatures
  A two-headed ogre (D:9)
  A flayed ghost (D:9)
  A manticore (D:13)
  Maurice (D:8)
  A kobold demonologist (D:12)
  An efreet (D:12)
  A hornet (D:8)
  4 hippogriffs
  A dream sheep (D:9)
  A shadow (D:9)
  4 wraiths (D:9)
  4 yaks (D:9)
  A wyvern (D:12)
  3 fire bats (D:9)
  A hungry ghost (D:13)
  2 water moccasins
  An orc warrior (D:8)
  An ice beast (D:6)
  A phantom (D:4)
  A sky beast (D:7)
  3 ogres
  2 centaurs (D:5)
  A big kobold (D:9)
  7 bullfrogs
  A gnoll sergeant (D:8)
  Blork the orc (D:6)
  A wyvern skeleton (D:6)
  6 killer bees (D:9)
  5 wights (D:6)
  6 crimson imps
  2 howler monkeys
  5 centaur zombies
  3 jellies
  A quasit (D:7)
  5 hounds
  Crazy Yiuf (D:3)
  3 orc priests
  2 bullfrog skeletons
  A centaur skeleton (D:7)
  3 human zombies (Ossuary)
  5 orc wizards
  Jessica (D:3)
  10 worker ants
  Ijyb (D:5)
  A big kobold zombie (Ossuary)
  A hound zombie (D:9)
  3 mummies (Ossuary)
  4 worker ant zombies
  6 gnolls (D:8)
  14 adders
  A shadow imp (D:5)
  2 oozes
  7 adder zombies
  2 adder skeletons
  2 worms (D:3)
  A dart slug (D:2)
  7 leopard geckos
  22 orcs
  10 giant cockroaches
  8 goblins
  5 hobgoblins
  15 jackals
  15 kobolds
  3 quokkas
  7 ball pythons
  16 bats
  4 frilled lizards
  2 goblin zombies (Ossuary)
  5 hobgoblin zombies (Ossuary)
  7 jackal zombies (Ossuary)
  4 kobold zombies (Ossuary)
  2 leopard gecko skeletons
  An orc zombie (Ossuary)
  A quokka skeleton (D:7)
  A quokka zombie (Ossuary)
  6 rats
  A rat zombie (Ossuary)
294 creatures vanquished.

Vanquished Creatures (others)
  An unseen horror (D:13)
  4 dream sheep (D:9)
5 creatures vanquished.

Grand Total: 299 creatures vanquished

Notes
Turn   | Place    | Note
-------+----------+-------------------------------------------
     0 | D:1      | Quolop the Minotaur Fighter began the quest for the Orb.
     0 | D:1      | Reached XP level 1. HP: 19/19 MP: 0/0
   126 | D:1      | Reached XP level 2. HP: 26/27 MP: 1/1
   582 | D:2      | Reached XP level 3. HP: 30/33 MP: 2/2
   868 | D:2      | Reached skill level 3 in Long Blades
  1091 | D:3      | Reached skill level 1 in Dodging
  1093 | D:3      | Reached XP level 4. HP: 38/41 MP: 3/3
  1402 | D:3      | Noticed Jessica
  1408 | D:3      | Killed Jessica
  1587 | D:3      | Found a runed translucent door.
  1588 | D:3      | Noticed Crazy Yiuf
  1665 | D:3      | Killed Crazy Yiuf
  1665 | D:3      | Reached skill level 4 in Long Blades
  1665 | D:3      | Reached XP level 5. HP: 47/47 MP: 4/4
  2182 | D:4      | Noticed a phantom
  2198 | D:4      | Killed a phantom
  2198 | D:4      | Reached skill level 5 in Shields
  2198 | D:4      | Reached XP level 6. HP: 53/53 MP: 5/5
  2376 | D:4      | Reached skill level 5 in Armour
  2612 | D:4      | Found a shattered altar of Ashenzari.
  2672 | D:4      | Reached skill level 5 in Long Blades
  2982 | D:5      | Entered Level 5 of the Dungeon
  2982 | D:5      | Found a staircase to the Ecumenical Temple.
  3004 | D:5      | Found Voraggeups's Gadget Shoppe.
  3019 | D:5      | Bought a wand of flame (14) for 96 gold pieces
  3021 | D:5      | Found a sand-covered staircase.
  3052 | D:5      | Noticed Ijyb
  3059 | D:5      | Killed Ijyb
  3059 | D:5      | Reached skill level 5 in Fighting
  3077 | Ossuary  | Entered an ossuary
  3114 | Ossuary  | Reached XP level 7. HP: 56/61 MP: 6/6
  3251 | Ossuary  | Reached skill level 6 in Long Blades
  3763 | D:5      | Reached skill level 7 in Long Blades
  3795 | D:5      | Reached XP level 8. HP: 56/69 MP: 7/7
  3810 | D:5      | Noticed Prince Ribbit
  4286 | Temple   | Entered the Ecumenical Temple
  4511 | D:6      | Noticed Blork the orc
  4518 | D:6      | Killed Blork the orc
  4518 | D:6      | Reached skill level 8 in Long Blades
  5191 | D:6      | Found a shadowy altar of Dithmenos.
  5212 | D:6      | Reached skill level 9 in Long Blades
  5212 | D:6      | Reached XP level 9. HP: 75/75 MP: 8/8
  5635 | D:7      | Found a deep blue altar of Sif Muna.
  5703 | D:7      | Reached skill level 1 in Stealth
  6209 | D:8      | Reached skill level 10 in Long Blades
  6244 | D:8      | Found a glowing silver altar of Zin.
  6437 | D:8      | Noticed Maurice
  6448 | D:8      | Killed Maurice
  6448 | D:8      | Reached skill level 11 in Long Blades
  6448 | D:8      | Reached XP level 10. HP: 84/86 MP: 9/9
  6496 | D:8      | Found a shimmering altar of Xom.
  6499 | D:8      | Found a sacrificial altar of Ru.
  6499 | D:8      | Found a basalt altar of Yredelemnul.
  6500 | D:8      | Found a hide-covered altar of Uskayaw.
  6697 | D:8      | Found a faded altar of an unknown god.
  6697 | D:8      | Found a sparkling altar of Nemelex Xobeh.
  6704 | D:8      | Found a shimmering altar of Xom.
  6706 | D:8      | Found a blossoming altar of Fedhas.
  6708 | D:8      | Found a faded altar of an unknown god.
  6801 | D:9      | Found a runed translucent door.
  6809 | D:9      | Found an ancient bone altar of Kikubaaqudgha.
  6826 | D:9      | Found an ornate altar of the Wu Jian Council.
  6833 | D:9      | Noticed a flayed ghost
  6835 | D:9      | Found the ring of the Octopus King
  6852 | D:9      | Killed a flayed ghost
  6857 | D:9      | Got a scorched silver ring
  6859 | D:9      | Got a ring of the Octopus King
  6862 | D:9      | Got a fine wooden ring
  6863 | D:9      | Identified the ring of Fanaticism {Wiz rC- MR- Str+4 Dex+9}
                  | (You found it on level 9 of the Dungeon)
  6864 | D:9      | Identified the ring "Migranos" {rPois Slay+1 SInv} (You
                  | found it on level 9 of the Dungeon)
  6865 | D:9      | Identified a ring of the Octopus King {rF+ AC+1 EV+1 Str+1
                  | Int+1 Dex+1} (You found it on level 9 of the Dungeon)
  6875 | D:9      | Found an ancient bone altar of Kikubaaqudgha.
  6935 | D:9      | Found a hazy altar of Hepliaklqana.
  6959 | D:9      | Found a snail-covered altar of Cheibriados.
  7005 | D:9      | Found a shattered altar of Ashenzari.
  7028 | D:9      | Reached skill level 12 in Long Blades
  7061 | D:9      | Reached skill level 10 in Shields
  7104 | D:9      | Noticed a two-headed ogre
  7112 | D:9      | Killed a two-headed ogre
  7200 | D:9      | Got a crude executioner's axe
  7201 | D:9      | Identified the +9 executioner's axe of Ummub {drain, +Blink
                  | Int+4} (You found it on level 9 of the Dungeon)
  7258 | D:9      | Found a glowing golden altar of the Shining One.
  7759 | D:9      | Reached XP level 11. HP: 94/95 MP: 10/10
  7803 | D:9      | Reached skill level 5 in Axes
  8090 | D:9      | Found a shimmering altar of Xom.
  8250 | D:10     | Entered Level 10 of the Dungeon
  8268 | D:10     | You fall through a shaft for 3 floors!
  8299 | D:13     | Noticed an unseen horror
  8302 | D:13     | Killed an unseen horror
  8634 | D:12     | Noticed a white ugly thing
  8640 | D:12     | HP: 4/95 [white ugly thing (21)]
  8641 | D:12     | Gained mutation: You are dopey. (Int -2) [potion of
                  | mutation]
  8641 | D:12     | Gained mutation: You have a pair of large horns on your
                  | head. [potion of mutation]
  8641 | D:12     | HP: 1/95 [hippogriff (3)]
  8642 | D:12     | Slain by a hippogriff

Skill      XL: |  1  2  3  4  5  6  7  8  9 10 11 |
---------------+----------------------------------+-----
Shields        | 4 5 6 7 9 10 | 10.2
Fighting       | 4 5 6 7 8 |  8.3
Armour         | 4 5 6 7 8 |  8.9
Long Blades    | 3 4 5 7 9 11 12 | 12.5
Dodging        | 1 2 3 |  3.2
Stealth        | 1 |  1.1
Axes           | 4 8 |  8.0

Action                   |  1- 3 |  4- 6 |  7- 9 | 10-12 || total
-------------------------+-------+-------+-------+-------++-------
Melee: Long sword        |   106 |   180 |   173 |       ||   459
       Headbutt          |    12 |    31 |    76 |    36 ||   155
       Scimitar          |       |       |   204 |   110 ||   314
       Executioner's axe |       |       |       |    79 ||    79
  Use: Potion            |       |     2 |     1 |     7 ||    10
       Scroll            |       |       |     9 |     9 ||    18
 Stab: Fleeing           |       |       |       |     1 ||     1
  Eat: Chunk             |       |     8 |     7 |    10 ||    25
       Ration            |       |       |     1 |       ||     1
Armor: Scale mail        |    63 |    84 |    21 |       ||   168
       Plate armour      |       |       |   139 |   162 ||   301
Dodge: Dodged            |    38 |    80 |    78 |   107 ||   303
Block: Shield            |    52 |   114 |   192 |    63 ||   421
       Rpst.: Long sword |    12 |    28 |     9 |       ||    49
       Scimitar          |       |       |    12 |     7 ||    19
